Map: Ice and Chrome LE

Players

Astrea

  • Race: Protoss Protoss
  • League: Master
  • Spawn Location: 7:00

Neeb - Winner!

  • Race: Protoss Protoss
  • League: Master
  • Spawn Location: 1:00

Event: DreamHack SC2 Masters 2020 Fall

VOD

Have the link to the VOD?

Description

Time

  • Played on: Sept. 12, 2020, 6:05 p.m.
  • Length: 11:21

All games in this series

Show
View Real Time Build Order
Export as new Build Order

Astrea Protoss 

Build Orders:  

Get SALT Encoding   

  12  0:00  Probe  
  13  0:12  Probe  
  14  0:17  Pylon  
  14  0:24  Probe (Chrono Boost)  
  15  0:36  Probe (Chrono Boost)  
  15  0:37  Gateway  
  16  0:44  Probe (Chrono Boost)  
  16  0:45  Assimilator  
  17  0:50  Probe  
  17  0:54  Assimilator  
  18  1:03  Probe (Chrono Boost)  
  19  1:06  Gateway  
  20  1:12  Probe (Chrono Boost)  
  20  1:17  Probe (Chrono Boost)  
  20  1:23  Cybernetics Core  
  21  1:29  Probe  
  22  1:33  Pylon  
  22  1:41  Probe  
  23  1:53  Probe  
  24  1:56  Warp Gate (Chrono Boost)  
  24  2:00  Adept x2  
  28  2:05  Probe  
  29  2:13  Pylon  
  29  2:18  Probe  
  29  2:20  Pylon  
  30  2:32  Sentry x2  
  30  2:33  Probe  
  35  2:51  Nexus  
  35  2:59  Pylon  
  35  3:03  Sentry x2  
  39  3:08  Shield Battery  
  39  3:17  Probe  
  40  3:25  Twilight Council  
  40  3:29  Probe  
  41  3:41  Probe, Stalker x2  
  46  3:50  Pylon  
  46  3:53  Probe  
  47  4:02  Shield Battery  
  47  4:05  Probe  
  47  4:08  Stalker x2  
  47  4:09  Probe  
  54  4:17  Probe  
  54  4:21  Probe  
  54  4:22  Blink (Chrono Boost)  
  52  4:29  Probe (Chrono Boost)  
  54  4:39  Probe (Chrono Boost)  
  54  4:41  Probe (Chrono Boost)  
  55  4:46  Stalker, Probe (Chrono Boost)  
  55  4:47  Probe (Chrono Boost)  
  59  4:53  Forge  
  59  4:55  Probe  
  59  4:58  Probe  
  61  5:04  Assimilator  
  61  5:07  Stalker  
  61  5:08  Probe  
  61  5:14  Probe  
  64  5:19  Protoss Ground Weapons Level 1 (Chrono Boost), Pylon  
  64  5:20  Probe  
  65  5:26  Probe  
  65  5:28  Robotics Facility  
  66  5:33  Probe  
  67  5:38  Probe  
  67  5:39  Stalker  
  67  5:40  Stalker  
  72  5:45  Pylon, Probe  
  73  5:51  Nexus  
  69  6:11  Stalker x2  
  69  6:14  Gateway, Probe x2  
  75  6:19  Observer, Pylon  
  75  6:23  Pylon  
  76  6:26  Probe x2  
  78  6:38  Probe x2  
  80  6:40  Dark Shrine  
  80  6:41  Stalker x2  
  80  6:46  Pylon  
  84  6:50  Probe x2  
  82  7:02  Probe x2  
  82  7:06  Probe  
  82  7:07  Adept x2  
  89  7:14  Probe x2  
  91  7:15  Gateway  
  91  7:16  Nexus  
  91  7:17  Stalker  
  91  7:18  Probe  
  90  7:26  Probe  
  90  7:27  Probe  
  88  7:30  Probe  
  88  7:31  Stalker x2  
  88  7:32  Charge (Chrono Boost)  
  88  7:35  Shield Battery  
  89  7:38  Probe  
  89  7:39  Probe  
  89  7:41  Stalker  
  89  7:42  Probe  
  93  7:48  Gateway  
  93  7:49  Gateway  
  93  7:51  Observer, Probe  
  94  7:54  Dark Templar  
  94  7:56  Observer  
  94  7:57  Zealot x2  
  100  8:03  Probe x3  
  100  8:04  Pylon  
  103  8:10  Stalker  
  105  8:15  Probe x2  
  105  8:18  Gateway  
  107  8:20  Stalker x2  
  111  8:32  Zealot  
  111  8:33  Probe x2  
  108  8:36  Zealot  
  94  8:44  Probe  
  94  8:46  Dark Templar  
  94  8:47  Zealot x3  
  77  8:48  Probe x2  
  77  8:52  Probe  
  77  8:55  Zealot  
  74  8:56  Probe  
  74  9:00  Probe x2  
  74  9:01  Dark Templar  
  71  9:04  Probe  
  71  9:08  Probe  
  64  9:10  Zealot x3  
  64  9:12  Probe  
  64  9:13  Probe  
  64  9:16  Probe  
  68  9:17  Zealot, Dark Templar  
  68  9:19  Zealot  
  68  9:21  Probe  
  63  9:25  Probe x2 (Chrono Boost)  
  63  9:29  Probe (Chrono Boost)  
  63  9:30  Stalker  
  66  9:31  Zealot x2  
  66  9:33  Probe (Chrono Boost)  
  66  9:37  Zealot x2, Probe x2 (Chrono Boost)  
  75  9:39  Observer  
  75  9:41  Probe (Chrono Boost)  
  75  9:43  Probe (Chrono Boost)  
  75  9:44  Probe x2 (Chrono Boost)  
  77  9:46  Probe (Chrono Boost)  
  77  9:48  Probe (Chrono Boost)  
  79  9:53  Zealot x4, Stalker  
  79  9:54  Probe x2  
  79  9:55  Probe  
  79  9:58  Stalker  
  79  9:59  Zealot, Probe  
  97  10:04  Assimilator  
  97  10:06  Probe x2  
  100  10:07  Probe  
  100  10:11  Gateway, Probe  
  101  10:16  Stalker x2  
  101  10:17  Zealot, Stalker  
  101  10:18  Probe  
  101  10:20  Observer  
  108  10:28  Stalker  
  108  10:29  Zealot x2  
  110  10:41  Pylon  
  110  10:42  Forge  
  110  10:46  Zealot, Stalker x3  
  110  10:47  Zealot x2  
  122  10:51  Zealot  
  120  11:01  Zealot  
  121  11:04  Stalker  
  121  11:05  Gateway  
  121  11:07  Stalker x2  
  121  11:08  Gateway  
  121  11:10  Zealot x2  
  131  11:14  Nexus  
  131  11:15  Zealot x3  
Show
View Real Time Build Order
Export as new Build Order

Neeb Protoss - Winner!

Build Orders: Oracle Opening 

Get SALT Encoding   

  12  0:03  Probe  
  13  0:15  Probe  
  13  0:18  Pylon  
  14  0:27  Probe (Chrono Boost)  
  15  0:37  Gateway  
  15  0:39  Probe (Chrono Boost)  
  16  0:42  Assimilator  
  16  0:46  Probe (Chrono Boost)  
  17  0:51  Assimilator  
  17  0:53  Probe  
  18  1:06  Gateway  
  18  1:08  Probe (Chrono Boost)  
  19  1:16  Probe (Chrono Boost)  
  20  1:22  Probe  
  21  1:25  Cybernetics Core  
  21  1:34  Probe  
  21  1:35  Pylon  
  22  1:46  Probe  
  23  1:58  Probe  
  24  2:02  Warp Gate, Stalker x2  
  28  2:12  Pylon  
  28  2:22  Stargate  
  28  2:26  Probe  
  29  2:32  Adept x2  
  33  2:58  Nexus  
  33  3:04  Oracle (Chrono Boost)  
  36  3:14  Shield Battery  
  36  3:17  Probe  
  37  3:23  Shield Battery  
  37  3:30  Probe  
  38  3:42  Probe (Chrono Boost)  
  38  3:46  Twilight Council  
  38  3:48  Shield Battery  
  39  3:54  Pylon  
  39  4:11  Probe (Chrono Boost)  
  39  4:12  Sentry x2  
  39  4:15  Probe (Chrono Boost)  
  45  4:21  Probe (Chrono Boost)  
  47  4:24  Probe (Chrono Boost)  
  47  4:26  Probe (Chrono Boost)  
  47  4:28  Blink  
  50  4:38  Forge  
  50  4:40  Probe x2 (Chrono Boost)  
  50  4:41  Gateway  
  50  4:42  Gateway  
  50  4:45  Probe (Chrono Boost)  
  50  4:47  Probe (Chrono Boost)  
  50  4:48  Sentry  
  54  4:53  Pylon  
  54  4:54  Probe  
  54  4:57  Assimilator  
  54  4:58  Probe  
  56  5:06  Probe  
  57  5:10  Protoss Ground Weapons Level 1 (Chrono Boost), Probe  
  54  5:23  Probe  
  54  5:27  Nexus, Probe  
  54  5:28  Pylon  
  56  5:35  Robotics Facility, Probe  
  57  5:37  Stalker  
  57  5:38  Stalker  
  57  5:40  Probe  
  62  5:43  Stalker  
  62  5:47  Probe  
  65  5:50  Stalker  
  65  5:53  Probe  
  68  5:57  Shield Battery  
  68  5:59  Probe  
  69  6:05  Probe  
  69  6:10  Stalker x2  
  74  6:11  Probe  
  74  6:12  Pylon  
  74  6:16  Stalker  
  74  6:17  Probe  
  78  6:30  Probe x2  
  78  6:31  Observer  
  81  6:34  Stalker  
  81  6:35  Stalker  
  81  6:38  Photon Cannon  
  85  6:40  Pylon  
  85  6:43  Probe, Photon Cannon  
  86  6:52  Probe  
  86  6:53  Probe  
  88  6:55  Probe  
  88  6:57  Stalker x2  
  88  6:58  Stalker x2  
  97  7:04  Probe  
  97  7:06  Warp Prism  
  97  7:08  Probe  
  101  7:10  Protoss Ground Weapons Level 2 (Chrono Boost)  
  101  7:15  Assimilator  
  101  7:16  Assimilator  
  101  7:18  Probe  
  102  7:26  Stalker x2  
  105  7:30  Probe  
  105  7:34  Probe  
  105  7:35  Probe  
  107  7:41  Stalker  
  107  7:44  Gateway x2  
  109  7:46  Gateway  
  109  7:48  Gateway, Pylon  
  109  7:50  Pylon  
  109  7:54  Charge  
  109  7:56  Dark Shrine  
  109  8:06  Probe x3, Pylon  
  109  8:12  Stalker x4  
  120  8:22  Nexus  
  118  8:39  Stalker x2  
  118  8:40  Stalker x3  
  126  8:42  Photon Cannon  
  126  8:46  Probe x2  
  126  8:47  Stalker  
  126  8:48  Stalker  
  118  9:07  Warp Prism  
  112  9:10  Shadow Stride (Chrono Boost), Probe  
  112  9:15  Probe  
  110  9:18  Photon Cannon  
  110  9:22  Photon Cannon  
  110  9:24  Shield Battery  
  106  9:28  Robotics Bay  
  106  9:29  Robotics Facility, Dark Templar  
  106  9:30  Dark Templar x2  
  102  9:37  Probe  
  99  9:39  Assimilator, Probe  
  99  9:44  Assimilator, Stalker x4  
  104  9:46  Probe  
  105  9:55  Dark Templar  
  107  10:08  Zealot x7  
  121  10:20  Photon Cannon  
  121  10:21  Pylon  
  121  10:22  Pylon  
  121  10:24  Pylon  
  121  10:35  Zealot x8  
  137  10:45  Disruptor x2  
  143  10:51  Archon  
  143  10:52  Archon  
  143  10:55  Observer  
  143  10:56  Dark Templar x2  
  143  10:57  Zealot x2, Dark Templar x2  
  149  11:01  Archon x2  
  155  11:17  Zealot x4  

Tags
 
Add a new tag
Caveats
  • Supply blocks, unpowered buildings, or Contaminate may cause inaccurate times.
  • Supply counts are checked every 10 seconds.